 Dungeon Crawl Stone Soup version 0.21.1-1-g345015f (webtiles) character file.

28 diana the Skirmisher (level 2, 0/24 HPs)
             Began as a Demonspawn Abyssal Knight on June 26, 2018.
             Was a Follower of Lugonu.
             Slain by a kobold
             ... wielding a +0 whip
              (5 damage)
             ... on level 2 of the Dungeon.
             The game lasted 00:02:09 (821 turns).

diana the Skirmisher (Demonspawn Abyssal Knight)     Turns: 821, Time: 00:02:10

Health: 0/24       AC:  3    Str: 12    XL:     2   Next: 96%
Magic:  3/3        EV: 11    Int: 13    God:    Lugonu [*.....]
Gold:   29         SH:  0    Dex: 12    Spells: 1/1 levels left

rFire    . . .     SeeInvis .   a - +1 falchion
rCold    . . .     Gourm    .   (no shield)
rNeg     . . .     Faith    .   b - +0 leather armour
rPois    .         Spirit   .   (no helmet)
rElec    .         Reflect  .   (no cloak)
rCorr    .         Harm     .   (no gloves)
MR       .....                  (no boots)
Stlth    +.........             (no amulet)
HPRegen  0.08/turn              (no ring)
MPRegen  0.08/turn              (no ring)

@: no status effects
A: claws 1
a: Depart the Abyss, Renounce Religion


You were on level 2 of the Dungeon.
You worshipped Lugonu.
Lugonu was aware of your devotion.
You were not hungry.

You visited 1 branch of the dungeon, and saw 2 of its levels.
You visited the Abyss 1 time.

You collected 29 gold pieces.

Inventory:

Hand Weapons
 a - a +1 falchion (weapon)
Armour
 b - a +0 leather armour (worn)
Jewellery
 i - an uncursed ring of resist corrosion {unknown}
Wands
 f - a wand of enslavement (4)
Scrolls
 d - 4 scrolls of remove curse {unknown}
 g - 2 scrolls of identify {unknown}
 j - a scroll of fear {unknown}
 l - a scroll of enchant weapon {unknown}
 m - a scroll of teleportation {unknown}
Potions
 e - a potion of haste
 h - a potion of lignification
 k - a potion of curing
 n - a potion of mutation {unknown}
Comestibles
 c - 3 rations


   Skills:
 + Level 3.5 Fighting
 + Level 2.4 Long Blades
 + Level 1.8 Armour
 + Level 0.9 Dodging
 + Level 2.4 Invocations


You had one spell level left.
You didn't know any spells.

Dungeon Overview and Level Annotations

Branches:
Dungeon (2/15)

Altars:


Innate Abilities, Weirdness & Mutations

You have sharp fingernails.


Message History

You closely miss the kobold. The kobold hits you with a whip.
You hit the kobold but do no damage. The kobold completely misses you.
You riposte.
You hit the kobold but do no damage. You barely miss the kobold.
The kobold hits you but does no damage.
You hit the kobold but do no damage. The kobold closely misses you.
You hit the kobold.
The kobold is severely wounded.
The kobold hits you with a whip. The kobold closely misses you.
You barely miss the kobold.
The kobold is severely wounded.
The kobold closely misses you.
You riposte.
You closely miss the kobold.
The kobold is severely wounded.
You closely miss the kobold.
The kobold is severely wounded.
The kobold hits you with a whip.
* * * LOW HITPOINT WARNING * * *
You closely miss the kobold.
The kobold is severely wounded.
The kobold hits you with a whip.
You die...

#.#<### .# #.#.###
### ###.### #......
#.. #.....# ###.###
#.# #.....# #.# #.#
#..[..# #.## #.#
#.....# #..#
#.####.....# ##.#
#(..@K..# #.#
#.#####.# #.#
#.#####.# #.#
#....##.# #.#
#.##.##.##### #.#
#.......#...######.#
###...###..........#
#...###..)########
##.......##


You could see a kobold.

Vanquished Creatures
  An adder (D:2)
  A worm (D:2)
  A dart slug (D:1)
  A ball python (D:1)
  3 hobgoblins (D:1)
  4 kobolds
  A bat (D:1)
  2 frilled lizards (D:1)
  A rat (D:1)
15 creatures vanquished.

Notes
Turn   | Place    | Note
-------+----------+-------------------------------------------
     0 | Abyss:1  | diana the Demonspawn Abyssal Knight began the quest for the Orb.
     0 | Abyss:1  | Reached XP level 1. HP: 18/18 MP: 2/2
    24 | Abyss:1  | Noticed a glowing orange brain
    53 | Abyss:2  | Noticed an ancient zyme
    53 | Abyss:2  | Noticed a tentacled starspawn
    54 | D:1      | Escaped the Abyss
   151 | D:1      | Reached * piety under Lugonu
   367 | D:1      | Gained mutation: You have sharp fingernails. [demonic ancestry]
   367 | D:1      | Reached XP level 2. HP: 24/24 MP: 3/3
   821 | D:2      | Slain by a kobold

Skill      XL: |  1  2 |
---------------+-------+-----
Long Blades    | 2 |  2.4
Fighting       | |  3.5
Armour         | |  1.8
Dodging        | |  0.9
Invocations    | |  2.4

Action                   || total
-------------------------++-------
Melee: Falchion          ||    72
Invok: Depart the Abyss  ||     1
  Use: Potion            ||     3
Armor: Leather armour    ||    14
       Skin              ||     5
Dodge: Dodged            ||    45
       Rpst.: Falchion   ||    11
